 Dungeon Crawl Stone Soup version 0.27-a0-1191-g601b473118 (webtiles) character file.

Game seed: 17418580265490572815

83278 polve the Warrior (level 15, -3/129 HPs)
             Began as a Demonspawn Gladiator on May 23, 2021.
             Was the Champion of Uskayaw.
             Slain by a deep elf archer
             ... wielding a +0 short sword
              (5 damage)
             ... on level 1 of the Elven Halls.
             The game lasted 00:27:59 (25809 turns).

polve the Warrior (Demonspawn Gladiator)           Turns: 25809, Time: 00:27:59

Health: -3/129     AC: 27    Str: 33    XL:     15   Next: 31%
Magic:  0/26       EV: 12    Int:  9    God:    Uskayaw [******]
Gold:   3116       SH:  0    Dex: 15    Spells: 14/14 levels left

rFire    . . .     SeeInvis .   k - +3 scimitar (flame)
rCold    . . .     Faith    .   (no shield)
rNeg     . . .     Spirit   +   f - +3 chain mail {Will+}
rPois    +         Reflect  .   (helmet unavailable)
rElec    .         Harm     .   i - +2 cloak {Will+}
rCorr    .         Rampage  .   y - +1 pair of gloves
Will     +++..                  I - +2 pair of boots {Fly}
Stlth    ..........             K - amulet of regeneration
HPRegen  1.31/turn              s - +6 ring of strength
MPRegen  0.40/turn              n - +6 ring of strength

@: on fire, flying, hasted, glowing, very quick
A: horns 3, slimy green scales 3, spiny 2, magic shield, magic regeneration
a: Renounce Religion, Stomp, Line Pass, Grand Finale


You were on level 1 of the Elven Halls.
You worshipped Uskayaw.
Uskayaw was pleased with you.
You visited 4 branches of the dungeon, and saw 21 of its levels.
You also visited: Volcano.

You collected 3174 gold pieces.
You spent 58 gold pieces at shops.

Inventory:

Hand Weapons
 k - a +3 scimitar of flaming (weapon)
 w - a +3 great sword
Missiles
 d - 4 throwing nets
 X - 2 atropa-tipped darts
Armour
 a - +2 fire dragon scales
 f - a +3 chain mail of willpower (worn)
 i - a +2 cloak of willpower (worn)
 y - a +1 pair of gloves (worn)
 I - a +2 pair of boots of flying (worn)
Jewellery
 n - a +6 ring of strength (right hand)
 q - an amulet of faith
 s - a +6 ring of strength (left hand)
 x - a ring of magical power
 K - an amulet of regeneration (around neck)
 O - a +6 ring of strength
 T - a ring of see invisible
 U - a ring of ice
Wands
 c - a wand of paralysis (18)
 m - a wand of flame (73)
 z - a wand of charming (12)
 A - a wand of digging (11)
 C - a wand of polymorph (14)
 P - a wand of acid (7)
 S - a wand of iceblast (12)
Scrolls
 e - 3 scrolls of teleportation
 g - 3 scrolls of enchant weapon
 h - 5 scrolls of fear
 o - a scroll of silence
 p - 7 scrolls of amnesia
 H - 2 scrolls of blinking
 J - a scroll of brand weapon
 M - a scroll of fog
 Q - a scroll of torment
 R - a scroll of magic mapping
 V - a scroll of vulnerability
 W - 2 scrolls of immolation
Potions
 b - 4 potions of brilliance
 j - 4 potions of mutation
 r - a potion of invisibility {unknown}
 t - 3 potions of curing
 B - 2 potions of resistance {unknown}
 D - 5 potions of flight
 F - 5 potions of berserk rage {unknown}
 G - 2 potions of ambrosia
 N - a potion of attraction


   Skills:
 - Level 15.0 Fighting
 - Level 14.0 Long Blades
 - Level 1.7 Throwing
 + Level 8.4 Armour
 + Level 6.5 Dodging
 - Level 6.0 Stealth
 - Level 15.0 Invocations


You had 14 spell levels left.
You didn't know any spells.
Your spell library contained the following spells:

 Spells                   Type           Power      Damage    Failure   Level
 Animate Skeleton         Necr           0%         N/A       83%         1
 Corona                   Hex            0%         N/A       83%         1
 Foxfire                  Conj/Fire      0%         2x1d4     83%         1
 Pain                     Necr           0%         1d4       83%         1
 Sting                    Tmut/Pois      0%         1d3       83%         1
 Ensorcelled Hibernation  Hex/Ice        0%         N/A       92%         2
 Poisonous Vapours        Pois/Air       0%         N/A       92%         2
 Confusing Touch          Hex            0%         N/A       99%         3
 Conjure Flame            Conj/Fire      0%         6-21      99%         3
 Dazzling Flash           Conj/Hex       0%         N/A       99%         3
 Ignite Poison            Fire/Tmut/Pois 0%         N/A       99%         3
 Inner Flame              Hex/Fire       0%         N/A       99%         3
 Mephitic Cloud           Conj/Pois/Air  0%         N/A       99%         3
 Tukima's Dance           Hex            0%         N/A       99%         3
 Vampiric Draining        Necr           0%         2d6       99%         3
 Animate Dead             Necr           0%         N/A       100%        4
 Olgreb's Toxic Radiance  Pois           0%         N/A       100%        4
 Sticky Flame             Conj/Fire      0%         2d3       100%        4
 Agony                    Necr           0%         N/A       100%        5
 Fireball                 Conj/Fire      0%         3d3       100%        5
 Freezing Cloud           Conj/Ice/Air   0%         6-21      100%        6


Dungeon Overview and Level Annotations

Branches:
Dungeon (12/15)            Temple (0/1) D:5            Lair (6/6) D:11
 Shoals (0/4) Lair:2        Snake (0/4) Lair:4        Slime (0/5) Lair:5
    Orc (2/2) D:10            Elf (1/3) Orc:2       Volcano (visited)

Altars:
Ashenzari
Cheibriados
Elyvilon
Fedhas
Hepliaklqana
Makhleb
Nemelex Xobeh
Okawaru
Trog
Uskayaw
Vehumet
Wu Jian
Xom
Yredelemnul
Beogh

Shops:
D:2 !   D:9 *   D:10 *   Orc:1 ?   Orc:2 *[(:

Annotations:
Lair:4 exclusion: oklob plant


Innate Abilities, Weirdness & Mutations

You have a pair of large horns on your head.
You are completely covered in slimy green scales. (AC +4, rPois)
You are mostly covered in sharp spines.
When hurt, damage is shared between your health and your magic reserves.
You regenerate magic rapidly.


Message History

You closely miss the deep elf archer.
Your headbutt misses the deep elf archer.
The deep elf archer is heavily wounded.
The deep elf archer is struck by your spines.
The deep elf archer hits you with a +0 short sword.
* * * LOW HITPOINT WARNING * * *
A deep elf pyromancer comes into view. It is wielding a +0 long sword.
The deep elf archer blinks!
You miss the deep elf pyromancer. You headbutt the deep elf pyromancer!!
The deep elf pyromancer is heavily wounded.
The deep elf pyromancer closely misses you.
You hit the deep elf pyromancer. You burn the deep elf pyromancer.
You headbutt the deep elf pyromancer!
You kill the deep elf pyromancer!
The deep elf pyromancer casts a spell at you.
The sticky flame hits you but does no damage.
You are covered in liquid flames!
The deep elf archer unwields a +0 short sword.
The deep elf archer wields a +0 shortbow.
The deep elf archer shoots an arrow.
The arrow hits you.
* * * LOW HITPOINT WARNING * * *
The +2 short sword of electrocution is struck by your spines.
The +2 short sword of electrocution hits you but does no damage.
You are electrocuted!
* * * LOW HITPOINT WARNING * * *
You closely miss the deep elf archer.
Your headbutt misses the deep elf archer.
The deep elf archer is heavily wounded.
You are covered in liquid flames!
* * * LOW HITPOINT WARNING * * *
You feel better.
You are covered in liquid flames!
* * * LOW HITPOINT WARNING * * *
The +2 short sword of electrocution hits you.
* * * LOW HITPOINT WARNING * * *
You are electrocuted!
* * * LOW HITPOINT WARNING * * *
The deep elf archer is struck by your spines.
The deep elf archer hits you with a +0 short sword.
You die...

.##..##...# ....####..#
#..## ##..# #..# ##...#
###
#..###....##########....
.......#..........>..##
.......#..#...........#
#..###....#.####e####.#
#..# ##...#.#..(@e..#
#..# ##..#.#..)ยง...#
... #.+#.#....e..# .#
.........8..e.. ...
.....#.......#.# ...
...#.......#.# ... ..
#..e....# # ###
####.####


You could see 3 deep elf archers, a deep elf pyromancer, a deep elf zephyrmancer
and a +2 short sword of electrocution.

Vanquished Creatures
  Saint Roka (Orc:1)
  Josephine (D:11)
  Fannar (D:11)
  5 hydras
  Erolcha (Orc:1)
  4 catoblepae
  2 boulder beetles
  2 centaur warriors (D:12)
  A two-headed ogre (D:11)
  17 death yaks
  3 dancing weapons (Elf:1)
  3 orc high priests
  A deep elf knight (Elf:1)
  2 deep elf archers (Elf:1)
  A wizard (D:9)
  4 orc knights (Orc:1)
  5 deep elf pyromancers (Elf:1)
  5 orc sorcerers
  5 deep elf zephyrmancers (Elf:1)
  3 cyclopes (Orc:1)
  An ugly thing (D:11)
  2 manticores (Lair:6)
  15 elephants
  4 black mambas
  4 molten gargoyles (Volcano)
  12 cane toads
  2 gargoyles
  A torpor snail (Lair:3)
  Maggie (D:7)
  4 rime drakes
  3 efreet (Volcano)
  7 komodo dragons
  7 trolls
  2 polar bears
  Grinder (D:3)
  9 dream sheep (Lair:5)
  A slime creature (D:12)
  7 wraiths
  A water elemental (Elf:1)
  5 basilisks
  4 wyverns
  4 fire elementals
  8 vampire mosquitoes (D:12)
  3 steam dragons
  29 yaks
  Menkaure (D:7)
  3 nagas (Lair:4)
  Edmund (D:6)
  4 wargs
  An acid dragon (D:12)
  8 water moccasins
  Duvessa (D:5)
  An ice beast (D:5)
  29 orc warriors
  4 black bears
  5 ogres
  10 centaurs
  20 wolves
  A necrophage (D:5)
  15 bullfrogs
  Dowan (D:5)
  A scorpion (D:7)
  A wyvern zombie (D:6)
  2 earth elementals (Volcano)
  2 gnoll sergeants (D:8)
  A wyvern skeleton (D:7)
  17 killer bees
  9 wights
  4 howler monkeys
  A bullfrog zombie (D:5)
  8 centaur zombies
  A crimson imp (D:9)
  2 hounds
  5 jellies
  16 orc priests
  Crazy Yiuf (D:2)
  A bullfrog skeleton (D:7)
  Ijyb (D:3)
  30 orc wizards
  An iguana (D:6)
  5 hell rats (Lair:2)
  A killer bee zombie (D:8)
  A howler monkey zombie (D:10)
  15 gnolls
  3 adders
  2 shadow imps
  2 white imps
  3 ufetubi
  An adder skeleton (D:4)
  A worm (D:2)
  5 dart slugs
  69 orcs
  6 endoplasms
  2 giant cockroaches (D:1)
  2 goblins
  10 hobgoblins
  2 quokkas
  3 ball pythons (D:1)
  4 bats
  7 frilled lizards
  2 kobolds
  4 rats
563 creatures vanquished.

Vanquished Creatures (others)
  A centaur zombie (D:11)
  A fire elemental (Elf:1)
  A white imp (D:7)
  2 fire vortices (Volcano)
  15 fungi
  17 plants
  2 toadstools (D:8)
39 creatures vanquished.

Grand Total: 602 creatures vanquished

Notes
Turn   | Place    | Note
-------+----------+-------------------------------------------
     0 | D:1      | polve the Demonspawn Gladiator began the quest for the Orb.
     0 | D:1      | Reached XP level 1. HP: 16/16 MP: 1/1
   144 | D:1      | Gained mutation: You have a pair of small horns on your
                  | head. [demonic ancestry]
   144 | D:1      | Reached XP level 2. HP: 22/22 MP: 2/2
  1036 | D:2      | Found a hide-covered altar of Uskayaw.
  1041 | D:2      | Gained mutation: You have a pair of horns on your head.
                  | [demonic ancestry]
  1041 | D:2      | Reached XP level 3. HP: 21/27 MP: 3/3
  1051 | D:2      | Became a worshipper of Uskayaw the Reveller
  1346 | D:2      | Found a runed translucent door.
  1347 | D:2      | Noticed Crazy Yiuf
  1450 | D:2      | Found Doph's Distillery.
  1790 | D:2      | Reached * piety under Uskayaw
  1949 | D:2      | Reached ** piety under Uskayaw
  1966 | D:2      | Killed Crazy Yiuf
  1971 | D:2      | HP: 1/27 [poisoned by Crazy Yiuf]
  2395 | D:3      | Gained mutation: You are partially covered in slimy green
                  | scales. (AC +2) [demonic ancestry]
  2395 | D:3      | Reached XP level 4. HP: 4/33 MP: 4/4
  2696 | D:3      | Reached *** piety under Uskayaw
  2699 | D:3      | Reached **** piety under Uskayaw
  2839 | D:3      | Noticed Grinder
  2844 | D:3      | Gained mutation: You are clumsy. (Dex -2) [potion of
                  | mutation]
  2844 | D:3      | Lost mutation: You are clumsy. (Dex -2) [potion of
                  | mutation]
  3160 | D:3      | Reached skill level 5 in Long Blades
  3237 | D:3      | Noticed Ijyb
  3254 | D:3      | Killed Ijyb
  3255 | D:3      | Gained mutation: You are mostly covered in slimy green
                  | scales. (AC +3) [demonic ancestry]
  3255 | D:3      | Reached XP level 5. HP: 14/38 MP: 5/5
  3518 | D:3      | Reached skill level 1 in Armour
  3781 | D:4      | Noticed an ogre
  3988 | D:4      | Killed an ogre
  4140 | D:4      | Reached XP level 6. HP: 42/44 MP: 6/6
  4644 | D:3      | Paralysed by Grinder for 4 turns
  4666 | D:3      | Killed Grinder
  4846 | D:4      | Gained mutation: You are completely covered in slimy green
                  | scales. (AC +4, rPois) [demonic ancestry]
  4846 | D:4      | Reached XP level 7. HP: 28/52 MP: 3/7
  5170 | D:4      | Found an iron altar of Okawaru.
  5171 | D:4      | Found a shimmering altar of Xom.
  5173 | D:4      | Found a sparkling altar of Nemelex Xobeh.
  5178 | D:4      | Found a hazy altar of Hepliaklqana.
  5178 | D:4      | Found a snail-covered altar of Cheibriados.
  5178 | D:4      | Found a basalt altar of Yredelemnul.
  5178 | D:4      | Found a blossoming altar of Fedhas.
  5178 | D:4      | Found a burning altar of Makhleb.
  5179 | D:4      | Found a bloodstained altar of Trog.
  5181 | D:4      | Found a radiant altar of Vehumet.
  5183 | D:4      | Found a broken altar of Ashenzari.
  5336 | D:4      | Identified the +1 robe of an ossuary {Harm Will++ Regen+
                  | Stlth+}
  5948 | D:5      | Entered Level 5 of the Dungeon
  6322 | D:5      | Reached skill level 5 in Fighting
  6326 | D:5      | Reached XP level 8. HP: 46/62 MP: 8/8
  6445 | D:5      | Found a staircase to the Ecumenical Temple.
  6651 | D:5      | Noticed Dowan
  6652 | D:5      | Noticed Duvessa
  6666 | D:5      | Killed Duvessa
  6676 | D:5      | Killed Dowan
  7132 | D:6      | Noticed Edmund
  7147 | D:6      | Killed Edmund
  8388 | D:7      | Noticed Menkaure
  8397 | D:7      | Killed Menkaure
  8398 | D:7      | Gained mutation: You regenerate magic rapidly. [demonic
                  | ancestry]
  8398 | D:7      | Reached XP level 9. HP: 26/72 MP: 5/9
  9061 | D:7      | Noticed Maggie
  9078 | D:7      | Killed Maggie
  9722 | D:7      | Reached ***** piety under Uskayaw
 10086 | D:7      | Reached skill level 1 in Invocations
 10387 | D:8      | Reached skill level 5 in Invocations
 11207 | D:8      | Gained mutation: You have a pair of large horns on your
                  | head. [demonic ancestry]
 11207 | D:8      | Reached XP level 10. HP: 66/82 MP: 15/15
 11892 | D:9      | Noticed a wizard
 11903 | D:9      | Killed a wizard
 12068 | D:9      | Found Utalic's Assorted Antiques.
 12136 | D:9      | Reached skill level 10 in Invocations
 12544 | D:10     | Entered Level 10 of the Dungeon
 12805 | D:10     | Found Ongau's Assorted Antiques.
 12820 | D:10     | Bought a scroll labelled GIBLIAT LAXKO for 31 gold pieces
 12820 | D:10     | Bought a puce potion for 27 gold pieces
 12840 | D:10     | Identified the +6 flail of Ascent {venom, Will+ Int+3}
 12974 | D:10     | Noticed a gargoyle
 12981 | D:10     | Killed a gargoyle
 13660 | D:10     | Found a staircase to the Orcish Mines.
 13826 | D:11     | Identified the +7 quarterstaff of the Shouting Sybil
                  | {spect, rPois Will+ rCorr}
 13836 | D:11     | Found a staircase to the Lair.
 13943 | D:11     | Noticed a six-headed hydra
 13962 | D:11     | Killed a six-headed hydra
 13963 | D:11     | Reached skill level 10 in Long Blades
 14304 | D:11     | Reached skill level 10 in Fighting
 14453 | D:11     | Gained mutation: You are partially covered in sharp spines.
                  | [demonic ancestry]
 14453 | D:11     | Reached XP level 11. HP: 90/90 MP: 18/18
 14519 | D:11     | Noticed Fannar
 14533 | D:11     | HP: 3/92 [Fannar/refrigeration (43)]
 15047 | Lair:1   | Entered Level 1 of the Lair of Beasts
 15197 | Lair:1   | Found a dark tunnel.
 15202 | Volcano  | Entered a volcano
 15720 | Volcano  | Noticed a lindwurm
 15720 | Volcano  | Noticed a lindwurm
 16607 | Lair:1   | Noticed a six-headed hydra
 16614 | Lair:1   | Killed a three-headed hydra
 16969 | Lair:1   | Identified a scroll of acquirement
 16970 | Lair:1   | Acquired 1089 gold pieces
 17667 | Lair:2   | Noticed a boulder beetle
 17675 | Lair:2   | Gained mutation: When hurt, damage is shared between your
                  | health and your magic reserves. [demonic ancestry]
 17675 | Lair:2   | Reached XP level 12. HP: 73/101 MP: 19/19
 17686 | Lair:2   | Reached ****** piety under Uskayaw
 17691 | Lair:2   | Killed a boulder beetle
 18118 | Lair:2   | Found a staircase to the Shoals.
 18152 | Lair:2   | Found an ornate altar of the Wu Jian Council.
 18152 | Lair:2   | Found a hide-covered altar of Uskayaw.
 19615 | Lair:4   | You are sucked into a shaft and drop 2 floors!
 19615 | Lair:6   | Entered Level 6 of the Lair of Beasts
 19701 | Lair:4   | Found a staircase to the Snake Pit.
 20112 | Lair:4   | Noticed a seven-headed hydra
 20121 | Lair:4   | Killed a two-headed hydra
 20122 | Lair:4   | Reached XP level 13. HP: 87/111 MP: 20/20
 20765 | Lair:5   | Found a staircase to the Slime Pits.
 20778 | Lair:5   | Reached skill level 15 in Fighting
 21310 | Lair:6   | Reached skill level 5 in Armour
 21729 | Lair:6   | Reached skill level 5 in Dodging
 21773 | Lair:6   | Reached XP level 14. HP: 118/123 MP: 19/21
 22430 | D:11     | Reached skill level 1 in Stealth
 22510 | D:11     | Noticed Josephine
 22521 | D:11     | Killed Josephine
 22594 | D:11     | Killed Fannar
 23183 | D:12     | Reached skill level 5 in Stealth
 23213 | D:12     | HP: 5/123 [troll (2)]
 23439 | Orc:1    | Entered Level 1 of the Orcish Mines
 23580 | Orc:1    | Found Voril's Magic Scroll Boutique.
 23670 | Orc:1    | You are sucked into a shaft and drop 1 floor!
 23670 | Orc:2    | Entered Level 2 of the Orcish Mines
 23675 | Orc:2    | Found a staircase to the Elven Halls.
 23960 | Orc:1    | Noticed Erolcha
 23970 | Orc:1    | Killed Erolcha
 24492 | Orc:2    | Paralysed by an orc sorcerer for 2 turns
 24545 | Orc:2    | Noticed Saint Roka
 24812 | Orc:1    | Killed Saint Roka
 24813 | Orc:1    | Gained mutation: You are mostly covered in sharp spines.
                  | [demonic ancestry]
 24813 | Orc:1    | Reached XP level 15. HP: 45/129 MP: 8/25
 25130 | Orc:2    | Found Berye's General Store.
 25191 | Orc:2    | Found Boacijui's Antique Armour Boutique.
 25315 | Orc:2    | Found Licorchar's Book Boutique.
 25458 | Orc:2    | Found Zifeocil's Antique Weapon Boutique.
 25514 | Elf:1    | Entered Level 1 of the Elven Halls
 25668 | Elf:1    | Reached skill level 15 in Invocations
 25808 | Elf:1    | HP: 6/129 [burnt (1)]
 25809 | Elf:1    | HP: 2/129 [+2 short sword of electrocution (10)]
 25809 | Elf:1    | Slain by a deep elf archer

Illustrated notes

Levels and vault maps discovered:
D:1:      amcnicky_arrival_gap_in_the_tavern_cellar, layout_basic,
          grunt_decor_one_mirror
D:2:      layout_rooms, serial_forest, infiniplex_forest_lined_room_3,
          infiniplex_forest_clump_large, infiniplex_forest_lined_corner,
          infiniplex_forest_clump_small, infiniplex_forest_clump_double,
          infiniplex_forest_lined_2, infiniplex_forest_clump_cross,
          infiniplex_forest_end_2, serial_shops, nicolae_shop_behind_doors,
          basic_altar, uniq_crazy_yiuf_cottage
D:3:      layout_rooms, uniq_grinder, uniq_ijyb
D:4:      layout_layer_cave, minitemple, minmay_misc_feat_columns,
          chequers_serial_rivers_micro_b
D:5:      layout_basic, minmay_temple_entry_grid, minivault_14, uniq_duvessa
D:6:      layout_loops_ring, uniq_edmund
D:7:      layout_basic, chequers_serial_rivers_marsh, uniq_menkaure, uniq_maggie
D:8:      layout_basic, hangedman_decor_points, corexii_hall_statues_u,
          grunt_ministairs_11, minmay_gold_behind_fungi, solitary_fountain
D:9:      layout_basic, serial_shops, shop, lightli_wizard_tower
D:10:     layout_basic, david_orc_4, serial_shops, nicolae_shop_statue_plus,
          chequers_serial_rivers_micro_e
D:11:     layout_basic, lair_entry_dummy, minmay_quadrilaterals, uniq_fannar,
          uniq_josephine
D:12:     layout_rooms
Lair:1:   layout_cave_pods, nicolae_volcano_entry_s_turn
Lair:2:   layout_concentric_octagons, minmay_shoals_entry_centaurs,
          nzn_masters_of_martial_movement
Lair:3:   layout_gridlike, beast_lair_carwin_10, infiniplex_staircase_pool_2,
          grunt_megastairs_4, lemuel_fruit_tree, lemuel_fruit_fields
Lair:4:   layout_regular_city, guppyfry_snake_entry_island
Lair:5:   layout_roguey, nicolae_slime_entry_slimehenge
Lair:6:   evilmike_catoblepas_cave, layout_long_grid, serial_bayou_shore_b
Orc:1:    minmay_goldmine, layout_diamond_mine, serial_shops, shop,
          nicolae_orc_stony_grotto, uniq_erolcha
Orc:2:    grunt_orc_cross, layout_caves, basic_altar,
          nicolae_orc_sculptors_studio, david_defended_altar_orc
Elf:1:    eino_elf_arrival_sip, layout_gridlike, minivault_28, minivault_5,
          grunt_ministairs_2, palyth_stone_intersect

Skill      XL: |  1  2  3  4  5  6  7  8  9 10 11 12 13 14 15 |
---------------+----------------------------------------------+-----
Long Blades    | 3 4 5 6 8 9 10 12 14 | 14.0
Armour         | 2 4 6 8 |  8.4
Fighting       | 3 5 7 8 10 11 13 15 | 15.0
Invocations    | 7 10 13 15 | 15.0
Dodging        | 5 6 |  6.5
Stealth        | 6 |  6.0
Throwing       | |  1.7

Action                   |  1- 3 |  4- 6 |  7- 9 | 10-12 | 13-15 || total
-------------------------+-------+-------+-------+-------+-------++-------
Melee: Long sword        |    70 |   107 |   355 |   260 |       ||   792
       Headbutt          |    11 |    22 |    91 |   149 |   196 ||   469
       Unarmed           |    11 |       |     1 |    12 |       ||    24
       Scimitar          |       |       |       |   174 |   565 ||   739
Invok: Stomp             |       |     1 |    13 |     9 |     6 ||    29
       Line Pass         |       |       |       |     1 |       ||     1
  Use: Potion            |     3 |     1 |       |     7 |     7 ||    18
       Scroll            |       |       |     2 |    14 |     6 ||    22
 Stab: Sleeping          |     1 |       |       |       |       ||     1
       Paralysed         |       |     1 |    13 |    54 |    74 ||   142
       Confused          |       |       |       |     1 |       ||     1
       Distracted        |       |       |       |       |     1 ||     1
Armor: Leather armour    |    18 |    12 |       |       |       ||    30
       Skin              |    14 |       |       |    50 |       ||    64
       Chain mail        |       |    55 |   273 |       |    37 ||   365
       Fire dragon scale |       |       |    15 |   315 |   255 ||   585
Dodge: Dodged            |    60 |    30 |   173 |   248 |   227 ||   738
       Rpst.: Long sword |    15 |    14 |    57 |    34 |       ||   120
       Scimitar          |       |       |       |    24 |    64 ||    88

Table legend: (Time is in decaauts)
 A = Elapsed time spent in this place.
 B = Non-inter-level travel time spent in this place.
 C = Inter-level travel time spent in this place.
 D = Time resting spent in this place.
 E = Time spent auto-exploring this place.
 F = Levels seen in this place.
 G = Mean time per level.
                   A        B        C        D        E       F      G
               +--------+--------+--------+--------+--------+-----+--------+
         Total |  25621 |  24473 |   1148 |    328 |  20840 |  22 | 1164.6 |
       Dungeon |  16146 |  15368 |    778 |    328 |  13277 |  12 | 1345.5 |
          Lair |   6064 |   5805 |    259 |      0 |   5046 |   6 | 1010.7 |
  Orcish Mines |   2002 |   1891 |    111 |      0 |   1362 |   2 | 1001.0 |
   Elven Halls |    277 |    277 |      0 |      0 |    208 |   1 |  277.0 |
       Volcano |   1129 |   1129 |      0 |      0 |    946 |   1 | 1129.0 |
               +--------+--------+--------+--------+--------+-----+--------+

Top non-repeatable levels by time:
     D:7: 1911 daAuts
     D:2: 1797 daAuts
    D:10: 1766 daAuts
    D:11: 1755 daAuts
     D:4: 1631 daAuts
     D:8: 1600 daAuts
     D:6: 1503 daAuts
     D:3: 1477 daAuts
  Lair:1: 1369 daAuts
   Orc:1: 1278 daAuts
 Volcano: 1129 daAuts
     D:1: 1084 daAuts
  Lair:2: 1051 daAuts
  Lair:3: 994 daAuts
  Lair:6: 966 daAuts
